Map: Ulrena

Players

MorN - Winner!

  • Race: Terran Terran
  • League: Master

ScandalCry

  • Race: Protoss Protoss
  • League: Diamond

VOD

Have the link to the VOD?

Description

Time

  • Played on: Nov. 22, 2015, 10:30 p.m.
  • Length: 11:08
Show
View Real Time Build Order
Export as new Build Order

MorN Terran - Winner!

Build Orders: MMM Bio 

Get SALT Encoding   

  12  0:00  SCV  
  13  0:12  SCV  
  14  0:18  Supply Depot  
  14  0:25  SCV  
  15  0:39  SCV  
  15  0:40  Barracks  
  16  0:44  Refinery  
  16  0:51  SCV  
  17  1:03  SCV  
  18  1:16  SCV  
  19  1:27  Marine  
  19  1:31  Orbital Command  
  20  1:45  Command Center  
  20  1:57  Factory  
  20  2:01  Marine  
  21  2:09  SCV  
  21  2:12  Supply Depot  
  22  2:18  Marine  
  23  2:34  SCV  
  23  2:36  Marine  
  25  2:44  Factory Tech Lab, Barracks  
  25  2:47  SCV  
  26  2:54  Marine  
  27  2:58  Orbital Command  
  27  3:02  SCV  
  27  3:05  Cyclone  
  31  3:09  Engineering Bay  
  31  3:12  Refinery  
  31  3:15  Marine  
  31  3:19  SCV  
  33  3:23  Bunker  
  33  3:28  SCV  
  33  3:31  SCV  
  35  3:36  Missile Turret  
  35  3:40  SCV  
  36  3:43  SCV  
  37  3:50  Factory Reactor  
  37  3:51  Barracks  
  37  3:52  SCV  
  38  3:57  Missile Turret  
  38  4:00  SCV  
  39  4:05  Stimpack  
  39  4:07  Marine  
  40  4:11  Supply Depot  
  40  4:15  SCV  
  41  4:34  SCV x2  
  41  4:38  Terran Infantry Weapons Level 1  
  43  4:40  Starport  
  43  4:41  Barracks Tech Lab  
  43  4:46  SCV x2, Factory Reactor  
  43  4:51  Marauder, Marine x2  
  49  4:58  SCV  
  50  5:03  Supply Depot  
  50  5:07  SCV  
  50  5:09  Command Center  
  50  5:12  SCV  
  50  5:13  Refinery  
  52  5:15  Marauder  
  54  5:30  Supply Depot  
  54  5:32  Marine x2, Medivac x2, Marauder  
  62  5:41  SCV  
  62  5:42  Marauder  
  62  5:46  Supply Depot  
  62  5:49  Factory Reactor  
  62  5:51  SCV  
  62  5:54  SCV  
  64  5:57  Refinery  
  64  5:59  Supply Depot, Marauder, Marine x2  
  64  6:03  Marauder  
  70  6:08  SCV, Concussive Shells, Combat Shields  
  70  6:09  SCV  
  72  6:20  SCV  
  75  6:25  Marine x2  
  75  6:26  Medivac, Marauder x2  
  75  6:28  Orbital Command  
  75  6:29  SCV  
  75  6:31  Supply Depot  
  82  6:40  SCV  
  82  6:43  Marine  
  86  6:47  Marauder  
  86  6:48  Marine  
  86  6:49  Marauder  
  86  6:52  SCV  
  89  6:56  Terran Infantry Armor Level 1  
  89  6:58  Medivac  
  89  7:01  Medivac, Missile Turret, Marine  
  96  7:08  Marauder  
  96  7:10  Marauder  
  98  7:16  Marine  
  98  7:21  Liberator, Barracks, Orbital Command  
  98  7:22  Barracks  
  99  7:23  Starport  
  99  7:26  Factory Reactor  
  101  7:30  Marauder  
  101  7:31  Marauder, Marine  
  101  7:34  Marine  
  105  7:41  SCV  
  109  7:46  Liberator  
  109  8:02  Supply Depot  
  109  8:03  SCV  
  109  8:04  Supply Depot, Refinery, Marauder x2  
  109  8:05  Refinery  
  117  8:08  Liberator  
  117  8:13  Barracks Reactor, Barracks Tech Lab  
  117  8:20  Supply Depot  
  117  8:21  Supply Depot x2  
  117  8:23  SCV x2, Marine x2, Widow Mine x2  
  117  8:25  SCV, Marine  
  117  8:26  Marine  
  131  8:36  SCV, Liberator x2  
  131  8:37  SCV  
  125  8:41  Marine x3  
  125  8:44  Marauder x2  
  123  8:51  Widow Mine  
  123  8:52  Marine x2  
  131  8:59  Marine x2  
  131  9:00  SCV, Marauder  
  136  9:03  SCV  
  136  9:04  SCV, Engineering Bay, Armory  
  138  9:12  SCV  
  138  9:13  Marine x2  
  138  9:14  Marine x2  
  138  9:15  SCV  
  138  9:16  SCV  
  145  9:17  Marine  
  145  9:18  Marine  
  145  9:21  Marauder  
  149  9:33  Liberator x2  
  149  9:42  Marauder, Marine x2  
  153  9:48  Supply Depot  
  153  9:50  Supply Depot  
  156  10:00  Supply Depot x3  
  156  10:02  SCV  
  157  10:09  Marine x3  
  157  10:10  SCV, Medivac x2  
  157  10:11  Marine  
  157  10:12  Marauder  
  168  10:15  Supply Depot  
  166  10:29  Marine x3  
  166  10:30  Marauder x2, Marine  
  166  10:33  Marauder  
  176  10:43  Command Center  
  176  10:47  Marine x4  
Show
View Real Time Build Order
Export as new Build Order

ScandalCry Protoss 

Build Orders: Nexus First, Oracle Opening 

Get SALT Encoding   

  12  0:01  Probe (Chrono Boost)  
  13  0:12  Probe (Chrono Boost)  
  14  0:20  Pylon  
  14  0:22  Probe (Chrono Boost)  
  15  0:39  Probe (Chrono Boost)  
  16  0:49  Probe (Chrono Boost)  
  17  1:00  Nexus  
  17  1:03  Probe (Chrono Boost)  
  18  1:14  Probe (Chrono Boost)  
  19  1:18  Gateway  
  19  1:23  Assimilator  
  19  1:27  Assimilator  
  19  1:31  Probe (Chrono Boost)  
  20  1:42  Pylon  
  20  1:46  Probe (Chrono Boost)  
  21  1:54  Gateway  
  21  1:56  Pylon  
  21  2:07  Cybernetics Core  
  21  2:11  Probe (Chrono Boost)  
  22  2:18  Probe (Chrono Boost)  
  22  2:21  Probe (Chrono Boost)  
  24  2:29  Probe (Chrono Boost)  
  25  2:32  Probe (Chrono Boost)  
  26  2:39  Probe (Chrono Boost)  
  26  2:43  Mothership Core (Chrono Boost), Stalker (Chrono Boost)  
  31  2:55  Stargate  
  31  2:57  Probe  
  32  3:02  Probe (Chrono Boost)  
  33  3:09  Probe (Chrono Boost)  
  33  3:11  Warp Gate  
  34  3:14  Probe (Chrono Boost)  
  34  3:19  Pylon  
  35  3:20  Probe (Chrono Boost)  
  35  3:25  Probe (Chrono Boost), Pylon  
  37  3:31  Probe (Chrono Boost)  
  38  3:35  Probe (Chrono Boost)  
  38  3:38  Oracle (Chrono Boost)  
  38  3:40  Probe (Chrono Boost)  
  43  3:44  Stalker  
  43  3:47  Probe  
  46  3:48  Assimilator  
  46  3:50  Probe, Assimilator  
  47  3:59  Probe  
  48  4:07  Probe  
  49  4:10  Phoenix (Chrono Boost)  
  49  4:33  Probe  
  49  4:35  Phoenix (Chrono Boost)  
  52  4:40  Probe, Twilight Council  
  52  4:43  Pylon  
  52  4:44  Pylon  
  53  4:46  Pylon  
  53  4:48  Pylon  
  53  4:49  Probe  
  53  4:50  Mothership Core  
  56  4:57  Forge  
  56  5:00  Gateway  
  56  5:01  Probe  
  56  5:03  Gateway  
  56  5:05  Pylon  
  57  5:08  Phoenix (Chrono Boost)  
  57  5:09  Probe  
  57  5:13  Probe  
  61  5:20  Probe  
  62  5:30  Probe  
  62  5:33  Protoss Ground Armor Level 1 (Chrono Boost)  
  63  5:43  Probe  
  63  5:45  Zealot x2  
  68  5:53  Gateway  
  68  5:55  Gateway, Pylon  
  68  5:56  Phoenix (Chrono Boost)  
  68  5:57  Gateway  
  70  5:58  Gateway  
  70  6:00  Gateway  
  70  6:01  Probe  
  71  6:08  Probe  
  71  6:09  Zealot  
  71  6:10  Zealot x2  
  78  6:25  Phoenix (Chrono Boost)  
  80  6:29  Pylon  
  80  6:33  Zealot x3  
  80  6:37  Charge (Chrono Boost)  
  86  6:48  Phoenix (Chrono Boost)  
  88  6:58  Pylon x2  
  88  6:59  Pylon  
  88  7:02  Zealot x8  
  104  7:12  Phoenix (Chrono Boost)  
  106  7:22  Protoss Ground Armor Level 2  
  106  7:24  Adept x3  
  106  7:25  Adept x4  
  117  7:52  Zealot x2  
  117  7:53  Zealot x4  
  117  7:54  Zealot  
  131  8:05  Pylon  
  131  8:06  Pylon  
  131  8:08  Resonating Glaives (Chrono Boost)  
  131  8:19  Zealot x2  
  135  8:20  Zealot x3  
  109  8:59  Phoenix  
  109  9:01  Zealot x5  
  121  9:07  Nexus  
  121  9:11  Pylon  
  121  9:24  Phoenix  
  119  9:46  Stalker x2  
  119  9:47  Zealot x5  
  119  9:48  Zealot  
  119  9:49  Phoenix  
  137  9:58  Dark Shrine  
  137  10:07  Pylon  
  137  10:09  Pylon  
  137  10:11  Pylon  
  135  10:43  Pylon  
  135  10:44  Probe  
  135  10:45  Pylon  
Tags
 
Add a new tag
Caveats
  • Supply blocks, unpowered buildings, or Contaminate may cause inaccurate times.
  • Supply counts are checked every 10 seconds.